 Dungeon Crawl Stone Soup version 0.27.0-66-gdc8fb28755 (webtiles) character file.

Game seed: 8207623536081499403

236 Malachi the Caller (level 6, -1/41 HPs)
             Began as a Barachi Summoner on Aug 20, 2021.
             Was an Initiate of Gozag.
             Slain by an orc wizard (2 damage)
             ... on level 4 of the Dungeon.
             The game lasted 00:11:06 (5039 turns).

Malachi the Caller (Barachi Summoner)               Turns: 5039, Time: 00:11:07

Health: -1/41      AC:  4    Str: 10    XL:     6   Next: 6%
Magic:  10/12      EV:  9    Int: 17    God:    Gozag
Gold:   552        SH:  0    Dex: 12    Spells: 8/14 levels left

rFire    . . .     SeeInvis .   (no weapon)
rCold    . . .     Faith    .   (no shield)
rNeg     + . .     Spirit   .   a - +0 robe
rPois    .         Reflect  .   b - +2 hat
rElec    .         Harm     .   (no cloak)
rCorr    .         Rampage  .   (no gloves)
Will     .....                  (no boots)
Stlth    ++........             c - amulet of the acrobat
HPRegen  0.13/turn              d - ring of positive energy
MPRegen  0.13/turn              h - ring of wizardry

@: brilliant, acrobatic, constricted, slow
A: amphibious, slowness 1, strong legs 1, +LOS
a: Hop, Renounce Religion, Potion Petition, Call Merchant, Bribe Branch


You were on level 4 of the Dungeon.
You worshipped Gozag.
Gozag was pleased with you.
You visited 1 branch of the dungeon, and saw 4 of its levels.

You collected 552 gold pieces.

Inventory:

Missiles
 k - 15 poisoned darts
Armour
 a - a +0 robe (worn)
 b - a +2 hat (worn)
Jewellery
 c - an amulet of the acrobat (around neck)
 d - a ring of positive energy (left hand)
 h - a ring of wizardry (right hand)
Scrolls
 e - 3 scrolls of identify
 j - 2 scrolls of amnesia
 m - a scroll of holy word
 n - a scroll of fog
Potions
 g - 2 potions of might
 i - a potion of flight


   Skills:
 - Level 2.1 Dodging
 - Level 1.7 Stealth
 * Level 4.5 Spellcasting
 * Level 7.0 Summonings


You had 8 spell levels left.
You knew the following spells:

 Your Spells              Type           Power      Damage    Failure   Level
a - Summon Small Mammal   Summ           100%       N/A       1%          1
b - Call Imp              Summ           41%        N/A       1%          2
c - Call Canine Familiar  Summ           41%        N/A       1%          3

Your spell library contained the following spells:

 Spells                   Type           Power      Damage    Failure   Level
 Summon Guardian Golem    Hex/Summ       23%        N/A       4%          3
 Summon Lightning Spire   Summ/Air       23%        N/A       14%         4


Dungeon Overview and Level Annotations

Branches:
Dungeon (4/15)
 Temple: D:4-7

Altars:
Gozag
Nemelex Xobeh
Okawaru
Ru
Xom


Innate Abilities, Weirdness & Mutations

You are amphibious.
You cover ground slowly.
You can hop short distances.
You have an extended range of vision and can be seen from far away.


Message History

You feel less confused. Something hits you.
* * * LOW HITPOINT WARNING * * *
Your rat closely misses the phantom.
The endoplasm misses you. The ball python barely misses you.
The ball python constricts you.
* * * LOW HITPOINT WARNING * * *
The phantom hits your rat.
Your rat dies!
Your rat's corpse disappears in a puff of smoke!
Casting: Summon Small Mammal (safe; 1% risk of failure)
Confirm with . or Enter, or press ? or * to list all spells.
You feel a surge of power! Something hits you.
* * * LOW HITPOINT WARNING * * *
The ball python bites you but does no damage.
The ball python constricts you.
* * * LOW HITPOINT WARNING * * *
The endoplasm hits you.
* * * LOW HITPOINT WARNING * * *
Unknown command.
What are your orders? t - Croak!
Orders for allies: a - Attack new target. p - Attack previous target. r - Retreat! s - Stop attacking. g - Guard the area. f - Follow me.
Anything else - Cancel.
Gang up on whom?
Press: ? - help, Dir - move target, f - ball python, p - phantom
Aim: a ball python (constricting you, ally target) Attack!
Something hits you but does no damage.
Your wolf closely misses the ball python.
The ball python bites you but does no damage.
The ball python constricts you. The endoplasm closely misses you.
Unknown command.
Your wolf barely misses the ball python.
The ball python bites you but does no damage.
The ball python constricts you.
* * * LOW HITPOINT WARNING * * *
Something hits you.
You die...
Your body crumbles into a pile of gold.

^.# ..♣...#.###...# #
.## .♣...#...#...# #
.## ....#...#...###
..# .#
♣...#.........#
..#... ..#
♣...#...##.##.#
..#8..♣♣..#
♣..8#...##.##..
..##...♣♣..###
♣♣...##...)......
...##...♣ ....
♣♣J..########.##..
.#..##...♣♣♣.♣♣♣@W.##
#.##..
.##..##........S{.##
#.##..
.###..##........h##
#.##.. .#
##..##8.....8##
#.##.# ##
##..###'''### #.#..#
##.......# #.#.##
######### #.#.# #.#.#
#.#h#


You could see a phantom, an endoplasm, a ball python (ally target) and a
friendly wolf (summoned).

Vanquished Creatures (collateral kills)
  A black bear (D:4)
  A necrophage (D:4)
  A kobold brigand (D:4)
  A howler monkey (D:4)
  An orc priest (D:4)
  An iguana (D:4)
  A hound skeleton (D:4)
  An adder skeleton (D:4)
  A worm (D:3)
  10 orcs
  4 ball pythons
  3 bats
  2 endoplasms
  A giant cockroach (D:3)
  4 goblins
  8 hobgoblins
  4 jackals
  2 quokkas
  4 frilled lizards
  26 kobolds
  5 rats
82 creatures vanquished.

Vanquished Creatures (others)
  36 plants (D:4)
36 creatures vanquished.

Grand Total: 118 creatures vanquished

Notes
Turn   | Place    | Note
-------+----------+-------------------------------------------
     0 | D:1      | Malachi the Barachi Summoner began the quest for the Orb.
     0 | D:1      | Reached XP level 1. HP: 13/13 MP: 3/3
   273 | D:1      | Reached skill level 5 in Summonings
  1051 | D:1      | Reached XP level 2. HP: 19/19 MP: 0/5
  1054 | D:1      | Learned a level 2 spell: Call Imp
  1357 | D:1      | Found a faded altar of an unknown god.
  1373 | D:1      | Became a worshipper of Gozag Ym Sagoz the Greedy
  1742 | D:2      | Found a sacrificial altar of Ru.
  1827 | D:2      | You fall into a shaft and drop 1 floor!
  1829 | D:3      | Found an iron altar of Okawaru.
  2830 | D:3      | Reached XP level 3. HP: 24/24 MP: 1/7
  3819 | D:4      | Noticed a necrophage
  3832 | D:4      | Killed a necrophage
  3833 | D:4      | Reached skill level 6 in Summonings
  3833 | D:4      | Reached XP level 4. HP: 30/30 MP: 2/9
  3837 | D:4      | Learned a level 3 spell: Call Canine Familiar
  4083 | D:4      | Found a shimmering altar of Xom.
  4142 | D:4      | Noticed a black bear
  4153 | D:4      | Killed a black bear
  4154 | D:4      | Reached XP level 5. HP: 35/35 MP: 4/10
  4366 | D:4      | Noticed a kobold brigand
  4378 | D:4      | Killed a kobold brigand
  4898 | D:4      | Found a sparkling altar of Nemelex Xobeh.
  4933 | D:4      | Reached skill level 7 in Summonings
  4995 | D:4      | Noticed a phantom
  5019 | D:4      | Reached XP level 6. HP: 15/41 MP: 0/12
  5037 | D:4      | HP: 2/41 [endoplasm (3)]
  5039 | D:4      | Slain by an orc wizard

Illustrated notes

Levels and vault maps discovered:
D:1:      minmay_arrival_open_corners, layout_basic,
          dilly_ecumenical_altar_fadedgnrine
D:2:      layout_basic, basic_altar, minmay_crystal_water
D:3:      layout_basic, okawaru_gym_becter, serial_park_tiny_1,
          minmay_starry_boxes
D:4:      kennysheep_kobold_camp, layout_loops_ring,
          mainiacjoe_overflow_tiny_flanked, mainiacjoe_overflow_alcove_2,
          kennysheep_donut, chequers_jeans, minmay_misc_feat_nine_boxes

Skill      XL: |  1  2  3  4  5 |
---------------+----------------+-----
Summonings     | 5 6 7 |  7.0
Spellcasting   | 3 4 |  4.5
Dodging        | |  2.1
Stealth        | |  1.7

Action                   |  1- 3 |  4- 6 || total
-------------------------+-------+-------++-------
 Cast: Summon Small Mamm |   120 |    14 ||   134
       Call Imp          |     9 |    15 ||    24
       Call Canine Famil |       |    12 ||    12
 Abil: Hop               |     3 |     2 ||     5
  Use: Scroll            |    10 |     1 ||    11
       Potion            |       |     2 ||     2
Armor: Robe              |    10 |    21 ||    31
Dodge: Dodged            |    39 |    44 ||    83
